 Dungeon Crawl Stone Soup version 0.25-a0-697-g890751e744 (webtiles) character file.

Game seed: 10041925558539666672, levelgen mode: deterministic

1529434 Xenophilius the Slayer (level 27, 261/261 HPs)
             Began as a White Draconian Skald on Apr 1, 2020.
             Was the Champion of Ru.
             Escaped with the Orb
             ... and 3 runes on Apr 5, 2020!
             The game lasted 09:33:20 (90917 turns).

Xenophilius the Slayer (White Draconian Skald)     Turns: 90917, Time: 09:33:21

Health: 261/261    AC: 14    Str: 22      XL:     27
Magic:  38/38      EV: 31    Int: 26 (28) God:    Ru [******]
Gold:   604        SH:  9    Dex: 19      Spells: 2/48 levels left

rFire    + + .     SeeInvis .   a - +9 eveningstar (vamp)
rCold    + + .     Gourm    .   Z - +3 warlock's mirror {reflect}
rNeg     + + .     Faith    .   (armour unavailable)
rPois    +         Spirit   +   l - +2 hat of the Bear Spirit {Spirit, +Rage rN+ MR++}
rElec    .         Reflect  +   P - scarf {rC+ rF+}
rCorr    .         Harm     .   z - +0 pair of gloves "Ceth" {MR+ Int+2}
MR       +++++                  I - +2 pair of boots
Stlth    ..........             w - amulet "Vuuphic" {Acrobat rC+ rN+ Int+4 Stlth+}
HPRegen  0.53/turn              R - ring of the Failed Coup {rPois rC- Str+6 Dex+8}
MPRegen  0.26/turn              H - +5 ring of slaying {=R}

@: deflect missiles
A: breathe frost, unfitting armour, clumsy 1, cold resistance 1, fire resistance
1, cold-blooded, inability to read while threatened, no stealth, hated by all,
reduced AC 1, MP-powered wands, unskilled 1, missing an eye, AC +13
0: Orb of Zot
}: 3/15 runes: serpentine, barnacled, slimy
a: Breathe Frost, Draw Out Power, Power Leap, Apocalypse, Renounce Religion,
Evoke Berserk Rage


You escaped.
You worshipped Ru.
Ru was exalted by your worship.
You were not hungry.

You visited 10 branches of the dungeon, and saw 53 of its levels.
You also visited: Gauntlet and Volcano.

You collected 7842 gold pieces.
You spent 7238 gold pieces at shops.

Inventory:

Hand Weapons
 a - a +9 vampiric eveningstar (weapon)
 b - a +4 demon whip of electrocution
 N - a +8 antimagic eveningstar
Missiles
 y - 4 curare-tipped darts
 T - 21 throwing nets (quivered)
Armour
 l - the +2 hat of the Bear Spirit (worn) {Spirit, +Rage rN+ MR++}
   (You acquired it on level 2 of the Shoals)

   It protects you from negative energy.
   It affects your resistance to hostile enchantments.
   It lets you go berserk.
 z - the +0 pair of gloves "Ceth" (worn) {MR+ Int+2}
   (You found it on level 4 of the Depths)

   It affects your intelligence (+2).
   It affects your resistance to hostile enchantments.
 I - a +2 pair of boots (worn)
 P - a scarf of resistance (worn)
 Z - the +3 warlock's mirror (worn) {reflect}
   (You acquired it on level 3 of the Depths)
Jewellery
 d - an uncursed ring of flight
 t - an uncursed ring of resist corrosion
 w - the amulet "Vuuphic" (around neck) {Acrobat rC+ rN+ Int+4 Stlth+}
   (You found it on level 12 of the Dungeon)

   [amulet of the acrobat]

   It helps you evade while moving and waiting.
   It affects your intelligence (+4).
   It protects you from cold.
   It protects you from negative energy.
   It makes you more stealthy.
 D - an uncursed ring of see invisible
 H - a +5 ring of slaying (right hand) {=R}
 M - an uncursed ring of wizardry
 R - the ring of the Failed Coup (left hand) {rPois rC- Str+6 Dex+8}
   (You bought it in a shop on level 5 of the Depths)

   [ring of poison resistance]

   It affects your strength (+6).
   It affects your dexterity (+8).
   It makes you vulnerable to cold.
   It protects you from poison.
 X - the ring "Juwaix" {Fire Str+7 Int+5 Dex+2}
   (You bought it in a shop on level 2 of the Orcish Mines)

   [ring of fire]

   It enhances your fire magic.
   It affects your strength (+7).
   It affects your intelligence (+5).
   It affects your dexterity (+2).
   It protects you from fire.
   It makes you vulnerable to cold.
Wands
 m - a wand of acid (29)
 C - a wand of iceblast (22)
 O - a wand of clouds (4)
 S - a wand of paralysis (65)
 U - a wand of digging (27)
 V - a wand of scattershot (4)
Scrolls
 f - 5 scrolls of fear
 g - 7 scrolls of fog
 j - 26 scrolls of teleportation
 p - 27 scrolls of remove curse
 u - 24 scrolls of identify
 v - 5 scrolls of blinking
 E - 4 scrolls of immolation
 G - 3 scrolls of silence
 J - 4 scrolls of vulnerability
Potions
 e - 5 potions of mutation
 h - 31 potions of curing
 i - 15 potions of flight
 k - 9 potions of brilliance
 o - 7 potions of might
 q - 5 potions of haste
 s - 7 potions of lignification
 x - 2 potions of cancellation
 A - 13 potions of heal wounds
 B - 8 potions of stabbing
 K - 6 potions of berserk rage
 L - 3 potions of ambrosia
 Q - 3 potions of invisibility
Miscellaneous
 F - 3 tins of tremorstones
 W - a phial of floods
Comestibles
 c - 75 rations


   Skills:
 + Level 24.2 Fighting
 - Level 16.0 Maces & Flails
 + Level 21.7 Dodging
 - Level 5.6 Shields
 - Level 11.0 Spellcasting
 - Level 5.0 Hexes
 - Level 11.0 Charms
 - Level 5.0 Necromancy
 - Level 10.0 Translocations
 - Level 13.0 Transmutations
   Level 3.6 Ice Magic
 - Level 12.0 Air Magic
 - Level 13.0 Earth Magic
 - Level 5.0 Evocations


You had 2 spell levels left.
You knew the following spells:

 Your Spells              Type           Power        Failure   Level  Hunger
b - Lesser Beckoning      Tloc           ######....   1%          3    None
d - Dispel Undead         Necr           #####...     5%          4    None
v - Borgnjor's Vile Clut  Necr/Erth      ######....   2%          5    ###....
B - Blink                 Tloc           N/A          1%          2    None
D - Dispersal             Tloc           ######....   11%         6    #####..
F - Cause Fear            Hex            #####.....   5%          4    None
I - Silence               Hex/Air        ######....   3%          5    ###....
L - Song of Slaying       Chrm           ######..     1%          2    None
M - Deflect Missiles      Chrm/Air       ######....   5%          6    #####..
S - Statue Form           Tmut/Erth      ######...    3%          6    #####..
W - Spectral Weapon       Hex/Chrm       ######..     1%          3    None

Your spell library contained the following spells:

 Spells                   Type           Power        Failure   Level  Hunger
 Apportation              Tloc           ######       1%          1    None
 Beastly Appendage        Tmut           ######       1%          1    None
 Corona                   Hex            #####..      1%          1    None
 Infusion                 Chrm           ####         1%          1    None
 Pain                     Necr           ####         1%          1    None
 Shock                    Conj/Air       ####         1%          1    None
 Sting                    Tmut/Pois      ####         1%          1    None
 Corpse Rot               Necr/Air       N/A          1%          2    None
 Ensorcelled Hibernation  Hex/Ice        #####.       1%          2    None
 Poisonous Vapours        Pois/Air       #####.       1%          2    None
 Shroud of Golubria       Chrm/Tloc      ######       1%          2    None
 Slow                     Hex            #####...     1%          2    None
 Sublimation of Blood     Necr           #####.....   1%          2    None
 Swiftness                Chrm/Air       ######..     1%          2    None
 Foxfire                  Conj/Fire      ##..         4%          1    None
 Magic Dart               Conj           ##..         4%          1    None
 Searing Ray              Conj           ##....       6%          2    None
 Confusing Touch          Hex            #####...     1%          3    None
 Gell's Gravitas          Tloc           ######....   1%          3    None
 Ozocubu's Armour         Chrm/Ice       ######..     1%          3    None
 Spider Form              Tmut/Pois      #####.....   1%          3    None
 Static Discharge         Conj/Air       #####...     1%          3    None
 Teleport Other           Tloc           ######..     1%          3    None
 Tukima's Dance           Hex            #####...     1%          3    None
 Vampiric Draining        Necr           #####.....   1%          3    None
 Airstrike                Air            ######....   1%          4    None
 Ice Form                 Ice/Tmut       ######..     1%          4    None
 Petrify                  Tmut/Erth      ######..     1%          4    None
 Blade Hands              Tmut           ######....   1%          5    ###....
 Ignite Poison            Fire/Tmut/Pois #####...     2%          3    None
 Mephitic Cloud           Conj/Pois/Air  #####...     2%          3    None
 Yara's Violent Unravell  Hex/Tmut       ######....   2%          5    ###....
 Hydra Form               Tmut           ######....   3%          6    #####..
 Dazzling Flash           Conj/Hex       ####..       4%          3    None
 Inner Flame              Hex/Fire       ####....     4%          3    None
 Excruciating Wounds      Chrm/Necr      ######....   4%          5    ###....
 Iskenderun's Mystic Bla  Conj/Tloc      #####...     5%          4    None
 Alistair's Intoxication  Tmut/Pois      #####...     8%          5    ###....
 Irradiate                Conj/Tmut      #####.....   8%          5    ###....
 Lightning Bolt           Conj/Air       #####.....   10%         5    ###....
 Conjure Flame            Conj/Fire      ##......     12%         3    None
 Iskenderun's Battlesphe  Conj/Chrm      #####...     12%         5    ###....
 Fulminant Prism          Conj/Hex       ####......   14%         4    None
 Agony                    Necr           #####...     14%         5    ###....
 Dragon Form              Tmut           ######....   17%         7    ######.
 Bolt of Magma            Conj/Fire/Erth #####.....   19%         5    ###....
 Metabolic Englaciation   Hex/Ice        #####.....   21%         5    ###....
 Olgreb's Toxic Radiance  Pois           ##......     38%         4    None
 Sticky Flame             Conj/Fire      ##......     38%         4    None
 Eringya's Noxious Bog    Tmut/Pois      #####.....   41%         6    #####..
 Iron Shot                Conj/Erth      #####.....   41%         6    #####..
 Conjure Ball Lightning   Conj/Air       #####.....   47%         6    #####..
 Freezing Cloud           Conj/Ice/Air   #####.....   58%         6    #####..
 Darkness                 Hex            #####.....   63%         6    #####..
 Aura of Abjuration       Summ           ##........   75%         5    ###....
 Fireball                 Conj/Fire      ##........   75%         5    ###....
 Ozocubu's Refrigeration  Ice            ####......   82%         6    #####..
 Ring of Flames           Chrm/Fire      #####.....   98%         7    ######.
 Starburst                Conj/Fire      ##........   99%         6    #####..
 Controlled Blink         Tloc           N/A          99%         8    #######
 Orb of Destruction       Conj           ##........   100%        7    ######.
 Animate Skeleton         Necr           Unusable     N/A         1    N/A
 Sticks to Snakes         Tmut           Unusable     N/A         2    N/A
 Summon Butterflies       Summ           Unusable     N/A         1    N/A
 Summon Small Mammal      Summ           Unusable     N/A         1    N/A
 Call Imp                 Summ           Unusable     N/A         2    N/A
 Recall                   Summ/Tloc      Unusable     N/A         3    N/A
 Passage of Golubria      Tloc           Unusable     N/A         4    N/A
 Animate Dead             Necr           Unusable     N/A         4    N/A
 Call Canine Familiar     Summ           Unusable     N/A         3    N/A
 Summon Forest            Summ/Tloc      Unusable     N/A         5    N/A
 Summon Ice Beast         Ice/Summ       Unusable     N/A         4    N/A
 Summon Mana Viper        Hex/Summ       Unusable     N/A         5    N/A
 Death Channel            Necr           Unusable     N/A         6    N/A
 Simulacrum               Ice/Necr       Unusable     N/A         6    N/A
 Malign Gateway           Summ/Tloc      Unusable     N/A         7    N/A
 Monstrous Menagerie      Summ           Unusable     N/A         7    N/A
 Spellforged Servitor     Conj/Summ      Unusable     N/A         7    N/A
 Summon Greater Demon     Summ           Unusable     N/A         7    N/A
 Summon Hydra             Summ           Unusable     N/A         7    N/A
 Summon Horrible Things   Summ           Unusable     N/A         8    N/A
 Dragon's Call            Summ           Unusable     N/A         9    N/A

Dungeon Overview and Level Annotations

Branches:
Dungeon (15/15)            Temple (0/1) D:4            Lair (6/6) D:11
 Shoals (4/4) Lair:2        Snake (4/4) Lair:2        Slime (5/5) Lair:5
    Orc (2/2) D:10            Elf (3/3) Orc:2        Vaults (4/5) D:13
  Crypt (0/3) Vaults:3     Depths (5/5) D:15            Zot (5/5) Depths:5
Volcano (visited)         Gauntlet (visited)

Altars:
Cheibriados
Dithmenos
Elyvilon
Fedhas
Gozag
Kikubaaqudgha
Makhleb
Nemelex Xobeh
Okawaru
Ru
Trog
Uskayaw
Zin
The Shining One
Jiyva
Lugonu

Shops:
D:7 (   D:14 ?   Orc:1 :   Orc:2 ??%=   Depths:1 }}=   Depths:5 =

Portals:
Hell: Depths:1 Depths:2 Depths:3 Depths:4 Depths:5
Abyss: Depths:2 Depths:4 Depths:5
Pandemonium: Depths:3 Depths:5
Ziggurat: Depths:1

Annotations:
Zot:3 3 runed translucent doors, Cej Huinwo's ghost, master VSFi; Neappek's ghost, veteran DDFi


Innate Abilities, Weirdness & Mutations

You can breathe waves of freezing cold.
You can buffet flying creatures when you breathe cold.
Your icy white scales are hard. (AC +13)
You cannot fit into any form of body armour.
Your flesh is cold resistant. (rC+)
You are cold-blooded and may be slowed by cold attacks.
You cannot read scrolls while threatened.
You cannot be stealthy.
You are hated by all.
You take slightly more damage. (AC -5)
You are somewhat unskilled. (-1 Apt)
You are missing an eye, making it more difficult to aim.
You are clumsy. (Dex -2)
Your flesh is heat resistant. (rF+)
You expend magic power (3 MP) to strengthen your wands.


Message History

Where to? (Enter - D:1 @ (x,y), ? - help)
A profane servitor comes into view. It is wielding a +2 whip.
Unknown command.
(D) Dungeon (T) Temple (L) Lair (A) Shoals (P) Snake Pit (M) Slime Pits (O) Orcish Mines (E) Elven Halls (V) Vaults (C) Crypt (U) Depths (H) Hell (Z) Zot
Where to? (Enter - D:1 @ (x,y), ? - help)
A reaper comes into view. It is wielding a +2 scythe of venom.
There is a stone staircase leading up here.
You climb upwards.
There is a stone staircase leading down here.
You see here a +0 whip.
(D) Dungeon (T) Temple (L) Lair (A) Shoals (P) Snake Pit (M) Slime Pits (O) Orcish Mines (E) Elven Halls (V) Vaults (C) Crypt (U) Depths (H) Hell (Z) Zot
Where to? (Enter - D:1 @ (x,y), ? - help)
There is a staircase leading out of the dungeon here.
You have escaped!

######################### #..
#≈≈...................># #..
#≈≈≈≈≈≈≈≈............(.# #..
#.≈≈≈≈≈≈≈≈≈≈≈≈≈≈≈....(.# #..
......≈≈≈≈≈≈≈≈≈≈≈≈≈≈≈≈.# #.#
........≈≈≈≈≈≈≈≈≈≈≈≈≈≈≈########.#
.................≈≈≈≈≈≈#........#
#...≈≈≈≈...........≈≈≈≈##########
#≈≈≈≈≈≈≈≈.......@...≈≈##
#≈≈≈≈≈..≈≈≈≈.......####
#........≈≈≈≈≈≈≈####
...........≈≈≈≈≈≈≈≈# ##
...........############ #.
.##.#######.# #.# #.# #. ....#
#####.####.####.# #.
##..###...............# #.
##......###.####.###### #.


There were no monsters in sight!

Vanquished Creatures
  the Royal Jelly (Slime:5)
  5 orbs of fire
  6 ancient liches
  2 juggernauts
  3 Killer Klowns (Zot:5)
  Saint Roka (Depths:5)
  Bai Suzhen (Elf:3)
  The ghost of zkyp the Conqueror, a veteran GrHu of Gozag (Depths:3)
  3 curse toes
  15 golden dragons
  A bone dragon (Depths:5)
  the Enchantress (Depths:3)
  A pearl dragon (Depths:3)
  2 electric golems
  A Brimstone Fiend (D:5)
  4 liches
  An Ice Fiend (Zot:5)
  18 tentacled monstrosities
  26 Orb Guardians
  6 deep elf blademasters
  Asterion (Depths:3)
  5 quicksilver dragons
  A titan (Depths:5)
  18 acid blobs
  A kraken (Shoals:1)
  7 death cobs
  Polyphemus (Shoals:2)
  10 storm dragons
  4 tengu reavers
  Ilsuiw (Shoals:3)
  11 sphinxes
  11 shadow dragons
  10 nagarajas
  4 draconian monks
  8 fire giants
  13 azure jellies
  10 frost giants
  A ghost moth (Zot:2)
  3 draconian scorchers
  6 draconian knights
  Aizul (Depths:1)
  The ghost of Bomoishrouc the Thaumaturge, a journeyman GnSk of Cheibriados (Shoals:3)
  A ghost moth (shapeshifter) (Depths:4)
  11 deep elf sorcerers
  8 vault wardens
  6 draconian annihilators
  6 deep elf elementalists
  10 draconian shifters
  20 very ugly things
  21 stone giants
  A ghoul (Vaults:3)
  6 spriggan defenders
  4 draconian stormcallers
  14 ironheart preservers
  An apis (Depths:3)
  4 vampire knights
  The ghost of Rooheesk the Severer, a journeyman DDGl of Makhleb (Lair:4)
  4 entropy weavers
  An ophan (Depths:3)
  7 deep elf demonologists
  9 green draconians
  6 purple draconians
  8 white draconians
  13 deep elf annihilators
  12 black draconians
  A dire elephant (D:15)
  A small abomination (Elf:3)
  The ghost of Osyocro the Severer, a journeyman MiBe of Trog (Lair:3)
  14 red draconians
  10 yellow draconians
  5 spark wasps
  5 merfolk javelineers
  8 ettins
  2 large abominations
  A minotaur (Gauntlet)
  13 death oozes
  6 deep elf death magi
  2 jiangshi (Vaults:3)
  14 merfolk impalers
  16 fire dragons
  9 yaktaur captains
  6 naga warriors
  9 rakshasas
  13 deep elf high priests
  Harold (D:8)
  10 great orbs of eyes
  20 ogre magi
  8 hydras
  A catoblepas (Shoals:3)
  11 ice dragons
  A hell beast (Depths:5)
  A vault guard (Vaults:3)
  3 spriggan air magi
  7 centaur warriors
  6 merfolk avatars
  34 two-headed ogres
  3 death knights
  8 deep troll earth magi
  19 anacondas
  31 dancing weapons
  An alligator snapping turtle (Shoals:1)
  3 satyrs
  11 tengu warriors
  6 merfolk aquamancers
  8 deep troll shamans
  7 naga sharpshooters
  8 spriggan berserkers
  4 death yaks (Shoals:3)
  6 shock serpents
  3 orc high priests (Orc:2)
  Nergalle (D:10)
  22 deep elf knights
  Sonja (D:11)
  A soul eater (Gauntlet)
  An iron troll (Depths:5)
  A death drake (shapeshifter) (Depths:3)
  7 salamander mystics
  The ghost of kae the Grappler, a novice NaTm (D:8)
  2 fire crabs (shapeshifter)
  2 spark wasp zombies (Depths:4)
  5 hell knights
  4 flayed ghosts
  10 skeletal warriors
  6 wizards
  15 sea snakes
  6 deep trolls
  3 unseen horrors
  6 glowing orange brains
  A shadow demon (D:6)
  9 naga ritualists (Snake:4)
  A phantasmal warrior (D:13)
  17 deep elf archers
  A lindwurm (Lair:6)
  14 orc knights
  20 harpies
  10 ironbrand convokers
  7 necromancers
  A lindwurm (shapeshifter) (Depths:4)
  7 orc sorcerers
  69 deep elf magi
  A harpy (shapeshifter) (Vaults:1)
  3 wolf spiders
  The ghost of emiel the Quickloader, a novice CeHu (D:6)
  51 ugly things
  12 manticores
  19 fauns
  7 shining eyes
  18 salamanders
  8 mana vipers
  10 cyclopes
  25 moths of wrath
  A worldbinder (Gauntlet)
  A black mamba (shapeshifter) (Vaults:3)
  35 black mambas
  An elephant (shapeshifter) (Depths:4)
  12 guardian serpents
  12 merfolk sirens
  3 eyes of devastation
  2 rust devils
  5 torpor snails (Lair:6)
  5 water nymphs
  A toenail golem (D:2)
  4 molten gargoyles (D:10)
  A gargoyle (D:15)
  14 naga magi
  A water nymph (shapeshifter) (Depths:4)
  5 spectral swamp worms (Depths:3)
  8 rime drakes
  A rime drake (shapeshifter) (Vaults:3)
  13 vault sentinels
  11 spiny frogs
  45 yaktaurs
  Maggie (D:6)
  5 komodo dragons
  8 freezing wraiths
  2 kobold demonologists (D:14)
  An efreet (D:15)
  A yaktaur (shapeshifter) (Depths:4)
  4 trolls
  3 tengu conjurers
  A jumping spider (shapeshifter) (Vaults:2)
  A queen bee (Lair:3)
  A merfolk (shapeshifter) (Depths:4)
  A red devil (Depths:5)
  4 tyrant leeches (Lair:6)
  Grinder (D:3)
  34 merfolk
  16 hornets
  15 snapping turtles
  6 dream sheep
  112 slime creatures
  2 stone giant simulacra
  16 hippogriffs
  A tengu simulacrum (Vaults:2)
  5 wind drakes
  4 blink frogs (Lair:5)
  2 human simulacra (Vaults:3)
  6 flying skulls (Depths:5)
  A spriggan (shapeshifter) (Depths:4)
  17 water elementals
  2 redbacks (Lair:6)
  6 spriggans
  An air elemental (Elf:2)
  2 shadows
  Sigmund (D:4)
  10 wyverns
  29 yaks
  5 fire elementals
  A hungry ghost (D:11)
  9 wraiths
  2 hogs (shapeshifter)
  2 basilisks
  A neqoxec (Zot:2)
  10 steam dragons
  Eustachio (D:6)
  A vampire mosquito (D:12)
  9 wargs
  Menkaure (D:4)
  34 nagas
  A soldier ant (D:11)
  A swamp worm (shapeshifter) (Depths:4)
  5 acid dragons
  23 water moccasins
  3 floating eyes
  7 porcupines
  2 sky beasts
  2 eyes of draining
  28 orc warriors
  2 black bears
  3 ice beasts
  36 ogres
  3 necrophages
  2 phantoms
  14 boggarts
  12 wolves
  28 centaurs
  8 crocodiles
  5 big kobolds
  20 bullfrogs
  5 earth elementals
  A gnoll sergeant (D:8)
  A wyvern skeleton (D:6)
  A water moccasin zombie (D:9)
  6 scorpions
  An oklob sapling (D:4)
  30 killer bees
  An electric eel (Snake:3)
  6 howler monkeys
  A wight (D:9)
  A bullfrog zombie (D:5)
  7 crimson imps
  A quasit (D:6)
  A wyvern simulacrum (D:6)
  6 centaur zombies
  10 jellies
  4 hounds
  19 orc wizards
  3 centaur skeletons
  24 orc priests
  4 bullfrog skeletons
  3 iguanas
  12 worker ants
  Natasha (thrice) (D:2 D:3)
  3 killer bee zombies
  A bullfrog simulacrum (D:6)
  3 hound zombies
  3 hound skeletons
  A spectral worker ant (D:6)
  A mummy (D:7)
  3 worker ant zombies
  9 gnolls
  A howler monkey skeleton (D:10)
  18 adders
  9 shadow imps
  An ooze (D:5)
  An adder skeleton (D:6)
  An adder zombie (D:5)
  A worm (D:3)
  8 dart slugs
  4 leopard geckos
  94 orcs
  7 giant cockroaches
  10 hobgoblins
  12 jackals
  6 quokkas
  A ball python skeleton (D:4)
  9 bats
  5 frilled lizards
  A giant cockroach zombie (D:5)
  9 goblins
  13 kobolds
  14 rats
  2 crawling corpses (Elf:3)
  3 plants
  6 tentacles
2359 creatures vanquished.

Vanquished Creatures (others)
  A golden dragon (Zot:2)
  An electric golem (Zot:5)
  A quicksilver dragon (Zot:4)
  An acid blob (Slime:4)
  A kraken (Shoals:2)
  A draconian monk (Zot:3)
  An azure jelly (Slime:5)
  A vault warden (Vaults:4)
  2 ironheart preservers (Vaults:4)
  A deep elf demonologist (Elf:3)
  A red draconian (Volcano)
  An ettin (Vaults:3)
  A great orb of eyes (Depths:4)
  2 anacondas
  A dancing weapon (Elf:2)
  A two-headed ogre (Depths:1)
  A satyr (Shoals:4)
  A spriggan berserker (Depths:2)
  An unseen horror (Vaults:1)
  A sea snake (Shoals:4)
  A harpy (Shoals:4)
  A deep elf mage (Elf:1)
  A manticore (Shoals:4)
  2 ugly things
  A moth of wrath (Zot:5)
  A wizard (D:15)
  A faun (Snake:2)
  A spiny frog (Lair:3)
  A naga mage (Snake:4)
  3 yaktaurs
  A jumping spider (shapeshifter) (Vaults:2)
  2 slime creatures
  A hippogriff (shapeshifter) (Depths:4)
  An air elemental (Elf:1)
  A yak (D:9)
  A vampire mosquito (D:12)
  A naga (Snake:4)
  A wolf (Lair:4)
  2 boggarts
  A crocodile (Lair:3)
  3 killer bees
  A bullfrog skeleton (D:8)
  An orc (Vaults:4)
  A crawling corpse (Vaults:2)
  12 fungi
  84 plants
  173 spectral weapons
  20 tentacles
342 creatures vanquished.

Grand Total: 2701 creatures vanquished

Notes
Turn   | Place    | Note
-------+----------+-------------------------------------------
     0 | D:1      | Xenophilius the Draconian Skald began the quest for the
                  | Orb.
     0 | D:1      | Reached XP level 1. HP: 17/17 MP: 3/3
   785 | D:1      | You fall into a shaft and drop 1 floor!
   785 | D:2      | Found a sacrificial altar of Ru,
   787 | D:2      | Became a worshipper of Ru the Awakened
   800 | D:2      | Reached XP level 2. HP: 24/24 MP: 0/5
  1254 | D:1      | Reached XP level 3. HP: 29/30 MP: 2/6
  1295 | D:1      | Learned a level 2 spell: Shroud of Golubria
  1299 | D:1      | Learned a level 3 spell: Spectral Weapon
  2427 | D:2      | Reached XP level 4. HP: 37/37 MP: 1/7
  2608 | D:2      | Gained mutation: You cannot read scrolls while threatened.
                  | [Ru sacrifice]
  2608 | D:2      | Reached * piety under Ru
  2969 | D:3      | Noticed Grinder
  3199 | D:3      | Noticed Natasha
  3329 | D:2      | Killed Natasha
  3329 | D:2      | Reached skill level 1 in Hexes
  3329 | D:2      | Reached skill level 1 in Translocations
  3552 | D:2      | Noticed Natasha
  3618 | D:2      | Killed Natasha
  3618 | D:2      | Reached XP level 5. HP: 42/42 MP: 2/8
  3626 | D:2      | Noticed Natasha
  3644 | D:3      | Killed Natasha
  3813 | D:3      | Learned a level 3 spell: Ozocubu's Armour
  4967 | D:3      | Paralysed by Grinder for 3 turns
  5268 | D:4      | Reached XP level 6. HP: 49/49 MP: 3/10
  5408 | D:4      | Noticed Menkaure
  5450 | D:3      | Reached skill level 1 in Ice Magic
  5520 | D:4      | Noticed Sigmund
  5532 | D:4      | Killed Sigmund
  5545 | D:4      | Your scales start taking on an icy white colour.
  5545 | D:4      | Reached XP level 7. HP: 52/56 MP: 3/11
  5545 | D:4      | Gained mutation: Your flesh is cold resistant. (rC+) [White
                  | Draconian growth]
  5734 | D:4      | Found a staircase to the Ecumenical Temple,
  6844 | D:3      | Gained mutation: You are missing an eye, making it more
                  | difficult to aim. [Ru sacrifice]
  6844 | D:3      | Reached ** piety under Ru
  7014 | D:5      | Entered Level 5 of the Dungeon
  7017 | D:5      | Found a shadowy altar of Dithmenos,
  7350 | D:4      | Reached skill level 5 in Charms
  7526 | D:5      | Reached XP level 8. HP: 54/62 MP: 7/14
  7812 | D:5      | Reached skill level 1 in Evocations
  7899 | D:5      | Found a glowing golden altar of the Shining One,
  8396 | D:5      | Reached skill level 3 in Fighting
  8396 | D:5      | Reached skill level 5 in Maces & Flails
  9382 | D:6      | Reached XP level 9. HP: 61/71 MP: 9/16
  9564 | D:6      | Found a runed translucent gate,
  9565 | D:6      | Found a runed translucent gate,
  9566 | D:6      | Found a runed translucent gate,
  9568 | D:6      | Noticed emiel's ghost (novice CeHu)
  9582 | D:6      | Noticed Eustachio
  9712 | D:6      | Killed Eustachio
  9712 | D:6      | Reached skill level 4 in Fighting
  9957 | D:6      | Gained mutation: You are hated by all. [Ru sacrifice]
  9957 | D:6      | Reached *** piety under Ru
 10246 | D:6      | Noticed Maggie
 10283 | D:6      | Killed Maggie
 10283 | D:6      | Reached skill level 5 in Spellcasting
 10561 | D:7      | Found a snail-covered altar of Cheibriados,
 10984 | D:7      | Found Isooddoi's Weapon Shop,
 11519 | D:7      | Reached skill level 5 in Fighting
 11524 | D:7      | Reached skill level 1 in Shields
 12041 | D:8      | Reached XP level 10. HP: 75/81 MP: 10/17
 12064 | D:8      | Found an iron altar of Okawaru,
 12310 | D:8      | Found a sparkling altar of Nemelex Xobeh,
 12340 | D:8      | Noticed Harold
 12356 | D:8      | Killed Harold
 12463 | D:8      | Found a burning altar of Makhleb,
 12489 | D:8      | Gained mutation: You take slightly more damage. (AC -5) [Ru
                  | sacrifice]
 12489 | D:8      | Reached **** piety under Ru
 12489 | D:8      | Reached ***** piety under Ru
 12513 | D:8      | Noticed a two-headed ogre
 12583 | D:8      | Found an ancient bone altar of Kikubaaqudgha,
 12626 | D:8      | Found a runed translucent gate,
 12626 | D:8      | Found a runed translucent gate,
 12626 | D:8      | Found a runed translucent gate,
 12630 | D:8      | Noticed kae's ghost (novice NaTm)
 13062 | D:8      | Found an opulent altar of Gozag,
 13292 | D:8      | Killed a two-headed ogre
 13468 | D:8      | Killed kae's ghost
 13468 | D:8      | Reached skill level 6 in Fighting
 13468 | D:8      | Reached skill level 5 in Evocations
 14235 | D:9      | Reached XP level 11. HP: 74/91 MP: 10/18
 14254 | D:9      | Reached skill level 5 in Dodging
 14393 | D:9      | Found a hide-covered altar of Uskayaw,
 14396 | D:9      | Found a blossoming altar of Fedhas,
 14396 | D:9      | Found a white marble altar of Elyvilon,
 14537 | D:9      | Identified the amulet of the Stallion {Faith rPois rF- MR+}
 14713 | D:10     | Entered Level 10 of the Dungeon
 14946 | D:10     | Got an ichor-stained short sword
 15285 | D:10     | Noticed Nergalle
 15436 | D:10     | Killed Nergalle
 15845 | D:10     | Reached skill level 7 in Fighting
 15977 | D:10     | Reached skill level 10 in Maces & Flails
 16156 | D:10     | Found a staircase to the Orcish Mines,
 16574 | D:10     | Learned a level 2 spell: Song of Slaying
 17080 | D:3      | Killed Grinder
 17309 | D:4      | Killed Menkaure
 17368 | D:6      | Killed emiel's ghost
 17556 | D:9      | Noticed a two-headed ogre
 17564 | D:9      | Killed a two-headed ogre
 17638 | D:9      | Reached skill level 8 in Fighting
 17823 | D:11     | Noticed Sonja
 17836 | D:11     | Killed Sonja
 18053 | D:11     | Got a fine dagger
 18335 | D:11     | Found a staircase to the Lair,
 18380 | D:11     | Reached XP level 12. HP: 96/103 MP: 14/19
 18977 | Lair:1   | Entered Level 1 of the Lair of Beasts
 19237 | Lair:1   | Noticed a five-headed hydra
 19276 | Lair:1   | Killed a five-headed hydra
 20012 | Lair:2   | Reached skill level 9 in Fighting
 20079 | Lair:2   | Learned a level 2 spell: Blink
 20141 | Lair:2   | Found a staircase to the Shoals,
 20156 | Lair:2   | Reached skill level 1 in Stealth
 20449 | Lair:2   | Found a staircase to the Snake Pit,
 20484 | Lair:2   | Noticed a four-headed hydra
 20497 | Lair:2   | Killed a four-headed hydra
 21305 | Lair:3   | Found a transporter,
 21307 | Lair:3   | Noticed a four-headed hydra
 21309 | Lair:3   | Noticed a five-headed hydra
 21309 | Lair:3   | Noticed Osyocro's ghost (journeyman MiBe)
 21322 | Lair:3   | Found a transporter,
 21417 | Lair:3   | Reached skill level 5 in Shields
 22242 | Lair:4   | Noticed a seven-headed hydra
 22253 | Lair:4   | Killed a seven-headed hydra
 22352 | Lair:4   | You fall into a shaft and drop 2 floors!
 22352 | Lair:6   | Entered Level 6 of the Lair of Beasts
 22421 | Lair:5   | Found a staircase to the Slime Pits,
 22422 | Lair:5   | Found a viscous altar of Jiyva,
 22698 | Lair:5   | Reached XP level 13. HP: 108/112 MP: 8/20
 22928 | Lair:5   | Gained mutation: You cannot be stealthy. [Ru sacrifice]
 23028 | Lair:5   | Reached skill level 10 in Fighting
 23235 | Lair:4   | Found a runed translucent gate,
 23236 | Lair:4   | Found a runed translucent gate,
 23237 | Lair:4   | Found a runed translucent gate,
 23239 | Lair:4   | Noticed Rooheesk's ghost (journeyman DDGl)
 23239 | Lair:4   | Noticed a death ooze
 23251 | Lair:4   | Found a viscous altar of Jiyva,
 23680 | Lair:4   | You fall into a shaft and drop 2 floors!
 23696 | Lair:6   | Found a runed translucent door,
 24738 | Lair:5   | Noticed a fire dragon
 24753 | Lair:5   | Killed a fire dragon
 25391 | Lair:6   | Learned a level 4 spell: Passage of Golubria
 25840 | Lair:6   | Gained mutation: You are somewhat unskilled. (-1 Apt) [Ru
                  | sacrifice]
 25840 | Lair:6   | Reduced skill Fighting to level 9
 25840 | Lair:6   | Reached ****** piety under Ru
 26499 | Lair:6   | Reached skill level 5 in Translocations
 26666 | Lair:6   | Reached XP level 14. HP: 101/118 MP: 15/20
 27151 | Orc:1    | Entered Level 1 of the Orcish Mines
 27254 | Orc:2    | Entered Level 2 of the Orcish Mines
 27318 | Orc:1    | Found a dark tunnel,
 27385 | Volcano  | Entered a volcano
 27404 | Volcano  | Found a burning altar of Makhleb,
 27997 | Orc:1    | Found Qigheaf's Book Boutique,
 28423 | Orc:2    | Found a staircase to the Elven Halls,
 29477 | Orc:2    | Found Plog's Magic Scroll Boutique,
 29483 | Orc:2    | Found Koefafeo's Jewellery Shoppe,
 29485 | Orc:2    | Found Wuziobiu's Magic Scroll Boutique,
 29488 | Orc:2    | Found Janycob's Food Shoppe,
 29515 | Orc:2    | Bought a scroll of immolation for 38 gold pieces
 29515 | Orc:2    | Bought a scroll of identify for 22 gold pieces
 29515 | Orc:2    | Bought a scroll of magic mapping for 38 gold pieces
 29527 | Orc:2    | Bought a scroll of identify for 32 gold pieces
 29527 | Orc:2    | Bought a scroll of identify for 32 gold pieces
 29527 | Orc:2    | Bought a scroll of identify for 32 gold pieces
 29527 | Orc:2    | Bought a scroll of identify for 32 gold pieces
 29530 | Orc:2    | Identified the +7 short sword "Lisinuh" {vorpal, *Rage
                  | MR++} (You found it on level 10 of the Dungeon)
 29531 | Orc:2    | Identified the +5 dagger of the Median {drain, +Inv rPois}
                  | (You found it on level 11 of the Dungeon)
 29542 | Orc:2    | Bought a +5 ring of slaying for 1932 gold pieces
 29778 | D:12     | Found a gate leading to a gauntlet,
 29824 | Gauntlet | Entered a Gauntlet
 29824 | Gauntlet | Found a transporter,
 29824 | Gauntlet | Found a transporter,
 29825 | Gauntlet | Found a transporter,
 29828 | Gauntlet | Found a transporter,
 29828 | Gauntlet | Found a transporter,
 29838 | Gauntlet | Found a transporter,
 29904 | Gauntlet | Found a transporter,
 29916 | Gauntlet | Found a transporter,
 29930 | Gauntlet | Found a transporter,
 29942 | Gauntlet | Found a transporter,
 29955 | Gauntlet | Found a transporter,
 29961 | Gauntlet | Found a transporter,
 30272 | Gauntlet | Got a spiked hat
 30278 | Gauntlet | Identified the cursed +0 hat "Lefif" {SInv} (You found it
                  | in a Gauntlet)
 30444 | Gauntlet | Identified the ring of Amorality {rN+ Str-3 Int+2 Dex+2}
 30690 | D:12     | Got a slimy silver amulet
 31253 | D:13     | Found a gate to the Vaults,
 31549 | D:13     | Identified the amulet "Vuuphic" {Acrobat rC+ rN+ Int+4
                  | Stlth+} (You found it on level 12 of the Dungeon)
 32042 | D:14     | Found Rykh's Magic Scroll Boutique,
 32072 | D:14     | Bought a scroll of fear for 42 gold pieces
 32072 | D:14     | Bought a scroll of identify for 24 gold pieces
 32488 | D:14     | Learned a level 6 spell: Statue Form
 32708 | D:14     | Reached skill level 1 in Transmutations
 32708 | D:14     | Reached skill level 1 in Earth Magic
 32880 | D:14     | Noticed Nessos
 32883 | D:14     | Noticed Nessos
 32883 | D:14     | Nessos changed into Nessos the deep troll
 32903 | D:14     | Reached XP level 15. HP: 124/124 MP: 14/21
 32925 | D:14     | Killed Nessos the deep troll
 33115 | D:14     | Reached skill level 15 in Maces & Flails
 33501 | D:15     | Entered Level 15 of the Dungeon
 33923 | D:15     | Reached skill level 10 in Dodging
 34088 | D:15     | Found a staircase to the Depths,
 34670 | D:15     | Found a sacrificial altar of Ru,
 34682 | D:15     | Reached skill level 5 in Spellcasting
 34754 | D:15     | Found a bloodstained altar of Trog,
 35009 | Snake:1  | Entered Level 1 of the Snake Pit
 35508 | Orc:2    | Bought the ring of Mysticism {rPois MR+ Int+4} for 744 gold
                  | pieces
 36763 | Snake:2  | Gained mutation: You are clumsy. (Dex -2) [a shining eye]
 37041 | Snake:2  | Reached skill level 5 in Transmutations
 37068 | Snake:2  | Reached skill level 5 in Earth Magic
 37069 | Snake:2  | Noticed a nagaraja
 37082 | Snake:2  | Killed a nagaraja
 38836 | Snake:3  | Reached XP level 16. HP: 64/132 MP: 16/24
 40106 | Snake:3  | Learned a level 5 spell: Borgnjor's Vile Clutch
 40217 | Shoals:1 | Entered Level 1 of the Shoals
 40652 | Shoals:1 | Reached skill level 1 in Necromancy
 41586 | Shoals:1 | Found a shadowy altar of Dithmenos,
 41591 | Shoals:1 | Noticed a kraken
 41628 | Shoals:1 | Killed a kraken
 43144 | Shoals:2 | Identified a scroll of acquirement
 43146 | Shoals:2 | Found the +2 hat of the Bear Spirit {Spirit, +Rage rN+
                  | MR++}
 43961 | Shoals:2 | Noticed a kraken
 43979 | Shoals:2 | Killed a kraken
 44098 | Shoals:2 | You fall into a shaft and drop 1 floor!
 44647 | Shoals:3 | Learned a level 3 spell: Lesser Beckoning
 45242 | Shoals:3 | Noticed Bomoishrouc's ghost (journeyman GnSk)
 45252 | Shoals:3 | Found a runed translucent gate,
 45252 | Shoals:3 | Found a runed translucent gate,
 45336 | Shoals:3 | Found a runed translucent gate,
 45338 | Shoals:3 | Noticed Ilsuiw
 45561 | Shoals:3 | Reached skill level 5 in Necromancy
 45567 | Shoals:3 | Killed Ilsuiw
 45567 | Shoals:3 | Reached XP level 17. HP: 63/137 MP: 8/27
 45957 | Shoals:3 | Noticed Polyphemus
 46108 | Shoals:2 | Killed Polyphemus
 46530 | Shoals:3 | Identified the cursed +1 mace "Vucoi" {antimagic, *Drain
                  | +Blink Int+7} (You found it on level 3 of the Shoals)
 46574 | Shoals:4 | Entered Level 4 of the Shoals
 47515 | Shoals:4 | Reached skill level 10 in Transmutations
 47666 | Shoals:4 | Reached skill level 10 in Earth Magic
 47786 | Shoals:4 | Identified the +5 battleaxe "Lywannua" {vorpal, Dex+2 SInv}
 47985 | Shoals:4 | Identified the +11 plate armour "Ziahef" {rPois rC+++ rN+
                  | Stlth-}
 48115 | Shoals:4 | HP: 8/178 [merfolk aquamancer/shard of ice (29)]
 48319 | Shoals:4 | Got a barnacled rune of Zot
 48466 | Shoals:4 | HP: 3/178 [merfolk javelineer/silver javelin (21)]
 49904 | Snake:4  | Entered Level 4 of the Snake Pit
 51221 | Snake:4  | Reached XP level 18. HP: 145/145 MP: 4/30
 52445 | Snake:4  | Got a serpentine rune of Zot
 52728 | Lair:4   | Killed Rooheesk's ghost
 52738 | Lair:4   | Identified Xahuorgha's Papyrus of Enchanting Companions
 53001 | Lair:3   | Killed Osyocro's ghost
 53203 | Elf:1    | Entered Level 1 of the Elven Halls
 53349 | Elf:1    | Identified the cursed +2 war axe of Accord {vorpal, +Inv
                  | rElec rC+ Stlth-} (You found it on level 1 of the Elven
                  | Halls)
 54039 | Elf:1    | Reached skill level 5 in Evocations
 54152 | Elf:1    | Identified the Papyrus of Battle Magic
 55104 | Elf:2    | Found a runed translucent gate,
 55104 | Elf:2    | Found a runed translucent gate,
 55105 | Elf:2    | Found a runed translucent gate,
 55287 | Elf:2    | Reached XP level 19. HP: 151/151 MP: 1/32
 55824 | Orc:2    | Bought a scroll of enchant weapon for 120 gold pieces
 56092 | D:14     | Bought a scroll of enchant weapon for 90 gold pieces
 56092 | D:14     | Bought a scroll of fog for 24 gold pieces
 56092 | D:14     | Bought 3 scrolls of fog for 72 gold pieces
 56517 | Elf:2    | Reached skill level 10 in Spellcasting
 57401 | Elf:3    | Entered Level 3 of the Elven Halls
 57672 | Elf:3    | Identified the +5 dagger of Wrongful Imprisonment {protect,
                  | *Drain rElec rF+ Str+6} (You found it on level 3 of the
                  | Elven Halls)
 58198 | Elf:3    | Identified the cursed +0 flail "Vych" {vorpal, *Corrode
                  | rC++ Dex+4} (You found it on level 3 of the Elven Halls)
 58210 | Elf:3    | Identified the Guide on Augmentations and Fire
 58262 | Elf:3    | Identified the cursed -2 hat of Dogmatism {+Inv} (You found
                  | it on level 3 of the Elven Halls)
 58357 | Elf:3    | Identified the +9 morningstar "Iziass" {venom, rC++ Dex+2}
 58371 | Elf:3    | Identified the +3 great sword "Winuj" {speed, rN+ Int+3
                  | Dex+4}
 58386 | Elf:3    | Identified the cursed +3 flail of Regicide {drain, rC+
                  | Int+6}
 58398 | Elf:3    | Noticed Bai Suzhen
 58414 | Elf:3    | Killed Bai Suzhen
 58433 | Elf:3    | Identified the +7 trident of Youthful Indiscretion {drain,
                  | MP+9}
 58604 | Elf:3    | Identified the Grimoire of Venomous Displacement
 58638 | Elf:3    | Identified the Almanac of Malediction
 58651 | Elf:3    | Learned a level 5 spell: Silence
 58652 | Elf:3    | Identified the Collected Works on Beguiling and Slavery
 58712 | Elf:3    | Reached skill level 1 in Air Magic
 59209 | Vaults:1 | Entered Level 1 of the Vaults
 59476 | Vaults:1 | Reached XP level 20. HP: 159/159 MP: 12/34
 60042 | Vaults:1 | Reached skill level 10 in Fighting
 60042 | Vaults:1 | Reached skill level 5 in Air Magic
 61376 | Vaults:2 | Reached skill level 11 in Fighting
 61486 | Vaults:2 | Identified the +1 scale mail of the Butcher {rF+}
 62474 | Vaults:2 | You fall into a shaft and drop 2 floors!
 63040 | Vaults:3 | Reached skill level 10 in Air Magic
 63137 | Vaults:3 | Reached XP level 21. HP: 171/173 MP: 32/35
 63172 | Vaults:3 | Reached skill level 5 in Hexes
 63226 | Vaults:3 | Reached skill level 12 in Fighting
 63842 | Vaults:3 | Reached skill level 13 in Fighting
 64419 | Vaults:3 | Reached skill level 14 in Fighting
 64502 | Vaults:3 | Found a staircase to the Crypt,
 65471 | Vaults:4 | Reached skill level 15 in Dodging
 65567 | Vaults:4 | Reached skill level 15 in Fighting
 66401 | Vaults:4 | Reached skill level 16 in Fighting
 66749 | Orc:1    | Bought Sif Muna's Incunabulum of Attacks and Enhancements
                  | for 1092 gold pieces
 66756 | Orc:1    | Learned a level 6 spell: Deflect Missiles
 66962 | Depths:1 | Entered Level 1 of the Depths
 66968 | Depths:1 | Reached XP level 22. HP: 195/195 MP: 21/36
 67128 | Depths:1 | Noticed Aizul
 67157 | Depths:1 | Killed Aizul
 67305 | Depths:1 | Found a gateway to Hell,
 67939 | Depths:1 | Found a gateway to a ziggurat,
 68148 | Depths:1 | Found Quhiz's Jewellery Shop,
 68149 | Depths:1 | Found Vituagit's Gadget Shoppe,
 68149 | Depths:1 | Found Varoakk's Gadget Shoppe,
 68567 | Depths:2 | Found a one-way gate to the infinite horrors of the Abyss,
 68886 | Depths:2 | You fall into a shaft and drop 1 floor!
 69160 | Depths:3 | Noticed the Enchantress
 69231 | Depths:3 | Reached skill level 10 in Charms
 70302 | Depths:2 | Noticed a golden dragon
 70315 | Depths:2 | Killed a golden dragon
 70711 | Depths:2 | Identified the Tome of Spatial Weightlessness
 71157 | Depths:3 | Reached XP level 23. HP: 202/202 MP: 36/38
 71444 | Depths:3 | Killed the Enchantress
 71659 | Depths:3 | Identified the +4 kite shield of Proximity {Dex+4}
 71659 | Depths:3 | Noticed Asterion
 71684 | Depths:3 | Killed Asterion
 71705 | Depths:3 | Paralysed by a floating eye for 3 turns
 71986 | Depths:3 | Reached skill level 5 in Shields
 72045 | Depths:3 | Found the +3 warlock's mirror {reflect}
 72075 | Depths:3 | Noticed a juggernaut
 72078 | Depths:3 | Noticed zkyp's ghost (veteran GrHu)
 72101 | Depths:3 | Found a transporter,
 72104 | Depths:3 | Found a transporter,
 72706 | Depths:3 | Found a one-way gate leading to the halls of Pandemonium,
 72828 | Depths:3 | Found a glowing golden altar of the Shining One,
 72828 | Depths:3 | Found a glowing silver altar of Zin,
 72837 | Depths:3 | Found a white marble altar of Elyvilon,
 73033 | Depths:3 | Killed a juggernaut
 73056 | Depths:3 | Killed zkyp's ghost
 73459 | Depths:3 | Reached skill level 17 in Fighting
 73957 | Depths:4 | Paralysed by the power of Zot for 2 turns
 74369 | Depths:4 | Reached XP level 24. HP: 213/216 MP: 15/38
 74777 | Depths:4 | Reached skill level 18 in Fighting
 74807 | Depths:4 | Noticed a juggernaut
 74816 | Depths:4 | Killed a juggernaut
 75167 | Depths:4 | Noticed an ancient lich
 75178 | Depths:4 | Killed an ancient lich
 75424 | Depths:4 | Identified the cursed +0 pair of gloves "Ceth" {MR+ Int+2}
                  | (You found it on level 4 of the Depths)
 75746 | Depths:2 | Learned a level 6 spell: Dispersal
 75820 | Depths:5 | Entered Level 5 of the Depths
 75823 | Depths:5 | Found a corrupted altar of Lugonu,
 76500 | Depths:5 | Found Pachioh's Jewellery Shoppe,
 76583 | Depths:5 | Noticed Saint Roka
 76599 | Depths:5 | Killed Saint Roka
 76833 | Depths:5 | Reached skill level 19 in Fighting
 76840 | Depths:5 | Found a gate to the Realm of Zot,
 77246 | Depths:5 | Bought the ring of the Failed Coup {rPois rC- Str+6 Dex+8}
                  | for 1037 gold pieces
 77511 | Shoals:3 | Killed Bomoishrouc's ghost
 77672 | Slime:1  | Entered Level 1 of the Pits of Slime
 78026 | Slime:4  | Gained mutation: You expend magic power (3 MP) to
                  | strengthen your wands. [a shining eye]
 78066 | Slime:5  | Entered Level 5 of the Pits of Slime
 78229 | Slime:5  | Reached skill level 10 in Translocations
 78229 | Slime:5  | Reached XP level 25. HP: 228/228 MP: 21/38
 78409 | Slime:5  | Noticed the Royal Jelly
 78420 | Slime:5  | Gained mutation: Your flesh is heat resistant. (rF+) [a
                  | shining eye]
 79350 | Slime:5  | Found a viscous altar of Jiyva,
 79528 | Slime:5  | Killed the Royal Jelly
 79986 | Slime:5  | Identified the cursed +1 dire flail of Disintegration
                  | {freeze, Dex+3} (You found it on level 5 of the Pits of
                  | Slime)
 80018 | Slime:5  | Got a slimy rune of Zot
 80044 | Slime:5  | Identified Xempiv's Almanac of Poisonous Battle Magic
 81391 | Orc:2    | Bought a scroll of blinking for 120 gold pieces
 81640 | Depths:1 | Bought a wand of digging (5) for 270 gold pieces
 81640 | Depths:1 | Bought a wand of acid (8) for 360 gold pieces
 81880 | Orc:2    | Bought the ring "Juwaix" {Fire Str+7 Int+5 Dex+2} for 1043
                  | gold pieces
 82204 | Zot:1    | Entered Level 1 of the Realm of Zot
 82246 | Zot:1    | Learned a level 4 spell: Dispel Undead
 82366 | Zot:1    | Reached skill level 20 in Fighting
 83682 | D:14     | Bought a scroll of magic mapping for 42 gold pieces
 83687 | D:14     | Learned a level 4 spell: Cause Fear
 84200 | Zot:2    | Identified the +0 hat "Yxkuhuf" {rF+ rC- Regen+} (You found
                  | it on level 2 of the Realm of Zot)
 84970 | Zot:3    | Reached skill level 21 in Fighting
 85512 | Zot:3    | Found a runed translucent gate,
 85512 | Zot:3    | Found a runed translucent gate,
 85512 | Zot:3    | Found a runed translucent gate,
 85512 | Zot:3    | Noticed Neappek's ghost (veteran DDFi)
 85513 | Zot:3    | Noticed Cej Huinwo's ghost (master VSFi)
 85532 | Zot:3    | Reached XP level 26. HP: 244/244 MP: 30/38
 87133 | Zot:4    | Noticed an orb of fire
 87144 | Zot:4    | Killed an orb of fire
 87155 | Zot:4    | Reached skill level 22 in Fighting
 87750 | Zot:5    | Entered Level 5 of the Realm of Zot
 88578 | Zot:5    | Noticed an orb of fire
 88585 | Zot:5    | Noticed an orb of fire
 88589 | Zot:5    | Noticed an orb of fire
 88592 | Zot:5    | Noticed an ancient lich
 88593 | Zot:5    | Noticed an ancient lich
 88606 | Zot:5    | Killed an orb of fire
 88610 | Zot:5    | Killed an ancient lich
 88611 | Zot:5    | Killed an ancient lich
 88639 | Zot:5    | Killed an orb of fire
 88639 | Zot:5    | Reached XP level 27. HP: 189/256 MP: 6/38
 88646 | Zot:5    | Reached skill level 23 in Fighting
 88710 | Zot:5    | Killed an orb of fire
 89067 | Zot:5    | Noticed an orb of fire
 89084 | Zot:5    | Killed an orb of fire
 89437 | Zot:5    | Noticed an ancient lich
 89477 | Zot:5    | Killed an ancient lich
 89479 | Zot:5    | Noticed an ancient lich
 89490 | Zot:5    | Killed an ancient lich
 89683 | Zot:5    | Reached skill level 24 in Fighting
 89819 | Zot:5    | Noticed an ancient lich
 89828 | Zot:5    | Killed an ancient lich
 90331 | Zot:5    | Got the Orb of Zot
 90917 | D:$      | Escaped with the Orb!

Levels and vault maps discovered:
D:1:      dpeg_arrival_chase, layout_loops_ring, minmay_strange_pillars,
          minmay_vboxes
D:2:      layout_rooms, first_ration, kennysheep_minor_cross,
          nicolae_ru_awakened_eye
D:3:      layout_basic, uniq_natasha, uniq_grinder
D:4:      layout_rooms, minmay_temple_entry_oklob, nrook_loot_triangle,
          uniq_sigmund, uniq_menkaure
D:5:      minmay_polygon_palace, layout_basic, old_standard_altar,
          tso_metal_star
D:6:      layout_basic, gammafunk_ghost_necromancy, minmay_fractal_squares_5,
          uniq_maggie, uniq_eustachio
D:7:      layout_basic, slow_altar_1, serial_shops, shop
D:8:      layout_basic, grunt_gozag_breadcrumbs, nicolae_overflow_hidden_temple,
          lemuel_round_altar, grunt_temple_overflow_open,
          gammafunk_ghost_spectres, uniq_harold
D:9:      layout_cave_pools, chequers_temple_overflow_statue_of_worship,
          evilmike_minifort
D:10:     layout_loops_corners, hiddenorc2_lemuel, minivault_8, uniq_nergalle
D:11:     layout_cave_pods, lair_entry_dummy, uniq_sonja
D:12:     layout_basic, gauntlet_entry_generic
D:13:     layout_loops_ring, david_vaults_4, serial_glass, glass_columns_a,
          glass_columns_a, feat_on_display, due_unseen_surprise,
          item_on_display_a, minmay_strange_pillars
D:14:     layout_basic, serial_shops, nicolae_shop_window_shopping,
          kennysheep_crisscross, hangedman_ranch [blue_anna_fruit_fields],
          uniq_nessos
D:15:     hangedman_depths_entry_try_elsewhere_first, layout_cave_pools,
          basic_altar, trog_wizard
Lair:1:   layout_gridlike, serial_bayou_lagoon_a, grunt_megastairs_3
Lair:2:   layout_concentric_octagons, minmay_shoals_entry_centaurs,
          guppyfry_snake_entry_island, lemuel_fruit_fields
Lair:3:   layout_roguey [special_room_bee], gammafunk_ghost_arena
Lair:4:   layout_cave_pods, gammafunk_ghost_ooze, grunt_megastairs_4
Lair:5:   layout_big_grid, slime_altar_1, bobbens_dragon_lair_wall
Lair:6:   wormcave, layout_cave_pods, hangedman_lair_tendril_chambers,
          lemuel_fruit_tree, lemuel_fruit_fields
Shoals:1: layout_shoals, wheals_shoals_ruined_temple
Shoals:2: layout_shoals
Shoals:3: layout_shoals, gammafunk_ghost_split, uniq_polyphemus, uniq_ilsuiw
Shoals:4: shoals_end_simple, layout_shoals, shoal_ilsuiw
Snake:1:  layout_misc_corridors, serial_bayou_pond_e
Snake:2:  layout_gridlike
Snake:3:  layout_rooms, serial_bayou_ford_a, st_stairs_3, drop_trap,
          nicolae_snake_linked_coils
Snake:4:  grunt_snake_rune_serpentine_throne, layout_cave_town
Slime:1:  layout_caves
Slime:2:  layout_caves
Slime:3:  layout_caves
Slime:4:  layout_caves
Slime:5
Orc:1:    layout_caves, nicolae_volcano_entry_two_sided, serial_shops,
          nicolae_shop_behind_doors
Orc:2:    st_orc_elflike, layout_diamond_mine
Elf:1:    eino_elf_arrival_sip, layout_loops_corners, minmay_elf_annihilation
Elf:2:    layout_loops_ring, onia_ninara_cookie
Elf:3:    minmay_elf_hall_hex, layout_loops_ring, small_chamber_with_monster,
          hangedman_elf_power_crystal, minivault_27, uniq_bai_suzhen
Vaults:1: ontoclasm_vaults_shuriken, nicolae_vaults_network_periphery,
          nicolae_vaults_minivaults, ontoclasm_vaults_chip,
          vaults_room_semicircle, vaults_room_ringed_pool, vaults_dpeg_diagonal,
          nicolae_vaults_asterisk, layout_vaults_quadrants
Vaults:2: nicolae_vaults_big_ls, vaults_mumra_hex, hangedman_vaults_hat,
          vaults_standard_mumra_lines, ontoclasm_vaults_fault, v_pattern_4,
          hangedman_vaults_nails, ontoclasm_vaults_loading_screen,
          layout_vaults_omnicross
Vaults:3: vaults_room_boxed, v_misc_17, v_misc_19, v_alt_pattern_1,
          nicolae_vaults_disjoint_gnomons, nicolae_vaults_network_square,
          minmay_crypt_entry_simple_walls, ontoclasm_vaults_eye, v_misc_16,
          nicolae_vaults_diagonal_hallway_9, v_pattern_3,
          nicolae_vaults_windows_and_doors_thing, vaults_room_pool,
          vaults_dpeg_encased_lava, nicolae_vaults_diagonal_hallway_6,
          layout_vaults_ring
Vaults:4: nicolae_vaults_branching_niches, v_alt_pattern_3,
          nicolae_vaults_circle_grid_b, v_misc_32, v_pattern_1,
          vaults_dpeg_doors, hangedman_vaults_stretched_pinwheel,
          dpeg_vaults_monster_box, nicolae_vaults_network_s, v_misc_28,
          v_misc_9, vaults_room_pool, layout_vaults_maze_bifur
Depths:1: layout_small_grid, enter_ziggurat_a, grunt_hell_entry_dis_mu,
          nrook_campfire, corexii_leaking_fountain, kennysheep_kite_vault,
          minmay_shop_grove, uniq_aizul
Depths:2: minmay_box_of_curves, layout_basic, serial_corexii_hall,
          corexii_hall_statues_i, corexii_hall_statues_deadend, abyss_entry,
          pf_vacation_house_of_asmodeus
Depths:3: minmay_the_grid_square_5x5_3x3 [minmay_the_grid_square_5x5_inset,
          minmay_the_grid_square_5x5_moneybag,
          minmay_the_grid_square_5x5_tri_point,
          minmay_the_grid_square_5x5_hourglass,
          minmay_the_grid_square_5x5_megaprize_diamond,
          minmay_the_grid_square_5x5_inverted_slash,
          minmay_the_grid_square_5x5_v, minmay_the_grid_square_5x5_two_walls_b,
          minmay_the_grid_square_5x5_three], layout_gridlike,
          grunt_decor_one_mirror, pan_entry, pf_hell_entry_tar_river,
          gammafunk_ghost_arena, hallowed_hall, uniq_enchantress, uniq_asterion
Depths:4: hangedman_pleasuredromes, abyss_entry, hell_entry
Depths:5: grunt_zot_entry_gee_three, layout_cave_pools, grunt_mini_vestibule,
          serial_shops, nicolae_shop_statue_plus, hangedman_decor_push,
          pan_entry, abyss_entry_flame_altar, serial_bayou, serial_bayou_pond_a,
          serial_bayou_pond_d, lightli_minifort, serial_bayou_shore_b,
          uniq_saint_roka
Zot:1:    layout_basic, st_stairs_3
Zot:2:    kennysheep_spiral_hall, layout_twisted_circle
Zot:3:    layout_onion, gammafunk_ghost_cemetery
Zot:4:    kennysheep_ambush_hall, layout_cathedral_of_symmetry, st_stairs_7,
          skrybe_zot_glass_1, grunt_megastairs_2, lemuel_elevator
Zot:5:    layout_misc_corridors

Skill      XL: |  1  2  3  4  5  6  7  8  9 10 11 12 13 14 15 16 17 18 19 20 21 22 23 24 25 26 27 |
---------------+----------------------------------------------------------------------------------+-----
Charms         | 3 4 5 6 7 6 10 11 | 11.0
Hexes          | 1 2 3 4 3 4 5 |  5.0
Translocations | 1 2 4 5 8 10 | 10.0
Maces & Flails | 3 4 5 7 9 11 12 13 14 15 16 | 16.0
Spellcasting   | 3 4 5 4 5 7 8 9 10 11 | 11.0
Ice Magic      | 2 3 4 3 |  3.6
Evocations     | 2 4 5 4 5 |  5.0
Fighting       | 3 5 6 8 9 9 11 16 17 19 21 22 24 | 24.2
Dodging        | 3 4 6 7 8 9 10 14 15 16 17 19 20 21 | 21.7
Shields        | 1 3 4 5 4 5 |  5.6
Stealth        | 3 0 |  0.0
Transmutations | 1 6 9 11 12 13 | 13.0
Earth Magic    | 1 6 9 11 12 13 | 13.0
Necromancy     | 5 |  5.0
Air Magic      | 3 10 11 12 | 12.0

Action                   |  1- 3 |  4- 6 |  7- 9 | 10-12 | 13-15 | 16-18 | 19-21 | 22-24 | 25-27 || total
-------------------------+-------+-------+-------+-------+-------+-------+-------+-------+-------++-------
Melee: Mace              |    84 |    51 |       |       |       |       |       |       |       ||   135
       Tailslap          |     2 |     9 |    51 |    82 |   148 |   161 |   143 |   183 |   201 ||   980
       Flail             |       |    28 |   126 |       |       |       |       |       |       ||   154
       Dagger            |       |     4 |       |       |       |       |       |       |       ||     4
       Whip              |       |       |   255 |   212 |       |       |       |       |       ||   467
       Morningstar       |       |       |    16 |   647 |  1301 |  1446 |   111 |       |       ||  3521
       Eveningstar       |       |       |       |       |       |       |  1068 |  1196 |   900 ||  3164
       Demon whip        |       |       |       |       |       |       |       |       |     3 ||     3
 Fire: Hunting sling     |    69 |    52 |    58 |     1 |       |       |       |       |       ||   180
Throw: Stone             |       |     1 |     7 |       |       |       |       |       |       ||     8
       Dart              |       |       |       |     5 |     5 |       |       |     2 |       ||    12
       Throwing net      |       |       |       |       |       |       |       |       |     2 ||     2
 Cast: Infusion          |    20 |    18 |     6 |       |       |       |       |       |       ||    44
       Shroud of Golubri |     1 |     7 |     1 |     4 |       |       |       |       |       ||    13
       Spectral Weapon   |       |     5 |    72 |   137 |   198 |   211 |   104 |   144 |   111 ||   982
       Ozocubu's Armour  |       |     3 |    37 |   105 |   170 |    78 |       |       |       ||   393
       Blink             |       |       |       |       |     8 |    11 |     3 |       |    14 ||    36
       Statue Form       |       |       |       |       |       |    60 |    70 |    86 |    67 ||   283
       Borgnjor's Vile C |       |       |       |       |       |    36 |    73 |    62 |    23 ||   194
       Lesser Beckoning  |       |       |       |       |       |    75 |    48 |    80 |    35 ||   238
       Passage of Golubr |       |       |       |       |       |     1 |       |       |       ||     1
       Song of Slaying   |       |       |       |       |       |       |    17 |    10 |       ||    27
       Deflect Missiles  |       |       |       |       |       |       |     1 |     6 |     9 ||    16
       Dispel Undead     |       |       |       |       |       |       |       |       |    20 ||    20
       Cause Fear        |       |       |       |       |       |       |       |       |     9 ||     9
       Dispersal         |       |       |       |       |       |       |       |       |     1 ||     1
Invok: Sacrifice Words   |       |     1 |       |       |       |       |       |       |       ||     1
       Sacrifice an Eye  |       |       |     1 |       |       |       |       |       |       ||     1
       Sacrifice Love    |       |       |     1 |       |       |       |       |       |       ||     1
       Sacrifice Health  |       |       |       |     1 |       |       |       |       |       ||     1
       Power Leap        |       |       |       |     2 |       |     8 |     2 |     7 |     2 ||    21
       Reject Sacrifices |       |       |       |     1 |       |       |       |       |       ||     1
       Apocalypse        |       |       |       |       |     2 |     3 |     2 |     2 |     2 ||    11
       Sacrifice Stealth |       |       |       |       |     1 |       |       |       |       ||     1
       Sacrifice Skill   |       |       |       |       |     1 |       |       |       |       ||     1
       Draw Out Power    |       |       |       |       |     1 |     1 |     3 |     1 |     3 ||     9
 Abil: Breathe Frost     |       |       |     6 |    11 |    33 |     9 |       |       |       ||    59
       Evoke Berserk Rag |       |       |       |       |       |     1 |       |       |       ||     1
       Evoke Flight      |       |       |       |       |       |       |       |     3 |       ||     3
       End Transformatio |       |       |       |       |       |       |       |       |     4 ||     4
Evoke: Wand              |       |     3 |     1 |    19 |    29 |    58 |     4 |     5 |     8 ||   127
       Tin of tremorston |       |       |       |       |     1 |     1 |       |       |       ||     2
  Use: Scroll            |     4 |       |     5 |    16 |    10 |     8 |    15 |    11 |    16 ||    85
       Potion            |       |       |       |     1 |     2 |     4 |     1 |     1 |    14 ||    23
 Stab: Paralysed         |       |     4 |    11 |     2 |    26 |    22 |     6 |     9 |     3 ||    83
       Confused          |       |     1 |       |       |       |       |       |       |       ||     1
       Distracted        |       |       |     3 |    10 |    13 |    21 |     8 |    18 |    22 ||    95
       Invisible         |       |       |     1 |    10 |     7 |    21 |    10 |    15 |     9 ||    73
  Eat: Chunk             |     4 |     8 |    26 |    45 |    55 |    55 |    64 |    45 |    34 ||   336
       Ration            |       |     1 |     2 |     3 |     8 |    13 |     6 |    10 |    11 ||    54
Armor: Skin              |    55 |    25 |   121 |   179 |   205 |   573 |   375 |   364 |   357 ||  2254
Dodge: Dodged            |    77 |    47 |   187 |   365 |   595 |  1074 |   947 |  1002 |  1134 ||  5428
       Deflected         |       |       |       |       |       |       |       |    61 |    55 ||   116
Block: Buckler           |       |       |     6 |   134 |   163 |   265 |   223 |   399 |   489 ||  1679
       Reflection        |       |       |       |       |       |       |       |    18 |    48 ||    66

Table legend:
 A = Non-vault XP
 B = Vault XP
 C = Vault XP percentage of total XP
 D = Non-vault monster count
 E = Vault monster count
 F = Vault count percentage of total count
                 A         B        C        D         E       F
            +---------+---------+-------+---------+---------+-------
      Total |  780345 |  862333 |  52.5 |    1390 |     969 |  41.1
            +---------+---------+-------+---------+---------+-------
        D:1 |      51 |       9 |  15.0 |      32 |       5 |  13.5
        D:2 |      73 |      32 |  30.5 |      19 |       1 |   5.0
        D:3 |     231 |     281 |  54.9 |      30 |       1 |   3.2
        D:4 |     609 |     445 |  42.2 |      26 |       3 |  10.3
        D:5 |     399 |     480 |  54.6 |      17 |      13 |  43.3
        D:6 |     728 |    1675 |  69.7 |      17 |      14 |  45.2
        D:7 |    1572 |      16 |   1.0 |      26 |       1 |   3.7
        D:8 |    1698 |    2396 |  58.5 |      19 |       5 |  20.8
        D:9 |    2241 |    1844 |  45.1 |      28 |      13 |  31.7
       D:10 |    1368 |    2922 |  68.1 |      23 |      37 |  61.7
       D:11 |    2784 |     658 |  19.1 |      28 |       1 |   3.4
       D:12 |    3669 |       0 |   0.0 |      16 |       0 |   0.0
       D:13 |    4482 |    1915 |  29.9 |      14 |       4 |  22.2
       D:14 |   10833 |    2898 |  21.1 |      30 |       9 |  23.1
       D:15 |   11648 |    3035 |  20.7 |      28 |       4 |  12.5
     Lair:1 |    1628 |    1362 |  45.6 |       8 |       4 |  33.3
     Lair:2 |    4508 |     934 |  17.2 |      19 |       7 |  26.9
     Lair:3 |    2373 |    5851 |  71.1 |      15 |      33 |  68.8
     Lair:4 |    4549 |    2674 |  37.0 |      20 |       7 |  25.9
     Lair:5 |    4908 |    4253 |  46.4 |      20 |      15 |  42.9
     Lair:6 |     892 |   17027 |  95.0 |       4 |      53 |  93.0
   Shoals:1 |   16156 |    3073 |  16.0 |      34 |       4 |  10.5
   Shoals:2 |   14249 |    1909 |  11.8 |      28 |       1 |   3.4
   Shoals:3 |   16658 |   17023 |  50.5 |      41 |      22 |  34.9
   Shoals:4 |   12933 |   24943 |  65.9 |      27 |      40 |  59.7
    Snake:1 |    9901 |       0 |   0.0 |      18 |       0 |   0.0
    Snake:2 |    5546 |       0 |   0.0 |       9 |       0 |   0.0
    Snake:3 |   24510 |    1320 |   5.1 |      43 |       2 |   4.4
    Snake:4 |   18619 |   43087 |  69.8 |      36 |      66 |  64.7
    Slime:1 |   12695 |       0 |   0.0 |      17 |       0 |   0.0
    Slime:2 |    4233 |       0 |   0.0 |       9 |       0 |   0.0
    Slime:3 |    5997 |       0 |   0.0 |      16 |       0 |   0.0
    Slime:4 |   14917 |    4932 |  24.8 |      13 |       2 |  13.3
    Slime:5 |   20974 |   26458 |  55.8 |      29 |      12 |  29.3
      Orc:1 |    2957 |       0 |   0.0 |      32 |       0 |   0.0
      Orc:2 |    2792 |    7983 |  74.1 |      27 |      25 |  48.1
      Elf:1 |   18217 |    7196 |  28.3 |      32 |      13 |  28.9
      Elf:2 |    9097 |   37701 |  80.6 |      17 |      50 |  74.6
      Elf:3 |   11798 |   46513 |  79.8 |      21 |      40 |  65.6
   Vaults:1 |   19800 |   15940 |  44.6 |      40 |      25 |  38.5
   Vaults:2 |   36154 |   25940 |  41.8 |      57 |      45 |  44.1
   Vaults:3 |   29803 |   34793 |  53.9 |      39 |      47 |  54.7
   Vaults:4 |   44641 |   31577 |  41.4 |      64 |      38 |  37.3
   Depths:1 |   28252 |   16859 |  37.4 |      32 |      18 |  36.0
   Depths:2 |   35570 |   28472 |  44.5 |      50 |      18 |  26.5
   Depths:3 |   55515 |   71123 |  56.2 |      64 |      53 |  45.3
   Depths:4 |    2705 |  108296 |  97.6 |      10 |      84 |  89.4
   Depths:5 |    8478 |   40004 |  82.5 |       8 |      41 |  83.7
      Zot:1 |   26555 |    3518 |  11.7 |      18 |       2 |  10.0
      Zot:2 |   38733 |    9051 |  18.9 |      23 |       4 |  14.8
      Zot:3 |   45025 |       0 |   0.0 |      24 |       0 |   0.0
      Zot:4 |   47879 |   34851 |  42.1 |      26 |      22 |  45.8
      Zot:5 |   76965 |  162861 |  67.9 |      44 |      41 |  48.2
    Volcano |       0 |    2757 | 100.0 |       0 |       8 | 100.0
   Gauntlet |     777 |    3446 |  81.6 |       3 |      16 |  84.2
            +---------+---------+-------+---------+---------+-------
